 Dungeon Crawl Stone Soup version 0.28.0-47-ge53b351184 (webtiles) character file.

Game seed: 16008845799759160044

16 Exodus22XD the Shield-Bearer (level 2, 27/27 HPs)
             Began as a Minotaur Fighter on May 7, 2022.
             Was a Follower of Wu Jian.
             Quit the game on level 1 of the Dungeon.
             The game lasted 00:00:40 (882 turns).

Exodus22XD the Shield-Bearer (Minotaur Fighter)      Turns: 882, Time: 00:00:40

Health: 27/27      AC:  7    Str: 20    XL:     2   Next: 37%
Magic:  1/1        EV:  9    Int:  5    God:    Wu Jian [*.....]
Gold:   38         SH:  4    Dex:  9    Spells: 1/1 levels left

rFire   . . .      SeeInvis .   a - +0 war axe
rCold   . . .      Faith    .   c - +0 buckler
rNeg    . . .      Spirit   .   b - +0 scale mail
rPois   .          Reflect  .   (helmet restricted)
rElec   .          Harm     .   (no cloak)
rCorr   .          Rampage  .   (no gloves)
Will    .....                   (no boots)
Stlth   ..........              (no amulet)
HPRegen 0.09/turn               (no ring)
MPRegen 0.07/turn               (no ring)

@: no status effects
A: horns 2, retaliatory headbutt
a: Renounce Religion


You were on level 1 of the Dungeon.
You worshipped Wu Jian.
Wu Jian was aware of your devotion.
You visited 1 branch of the dungeon, and saw 1 of its levels.

You collected 38 gold pieces.

Inventory:

Hand Weapons
 a - a +0 war axe (weapon)
Armour
 b - a +0 scale mail (worn)
 c - a +0 buckler (worn)
Scrolls
 f - a scroll of silence {unknown}
 h - a scroll of identify {unknown}
Potions
 d - a potion of might
 e - a potion of resistance {unknown}
 g - 2 potions of brilliance {unknown}
 i - a potion of curing {unknown}


   Skills:
 + Level 3.9 Fighting
 + Level 2.7 Axes
 + Level 3.9 Armour
 + Level 3.9 Shields


You had one spell level left.
You didn't know any spells.
Your spell library was empty.

Dungeon Overview and Level Annotations

Branches:
Dungeon (1/15)

Altars:
Wu Jian


Innate Abilities, Weirdness & Mutations

You have a pair of horns on your head.
You reflexively headbutt those who attack you in melee.


Message History

A giant cockroach is nearby!
Things that are here:
a +0 dagger; a kobold corpse You hit the giant cockroach.
You headbutt the giant cockroach, but do no damage.
The giant cockroach is almost dead.
The giant cockroach closely misses you. The giant cockroach barely misses you.
A giant cockroach is nearby!
You barely miss the giant cockroach.
Your headbutt misses the giant cockroach.
The giant cockroach is almost dead.
The giant cockroach bites you but does no damage. x2
A giant cockroach is nearby!
You closely miss the giant cockroach. You headbutt the giant cockroach.
You kill the giant cockroach!
Found 24 stones.
No target in view!
Found a faded altar of an unknown god.
No target in view!
You see here a Trismegistus Codex.
h - a scroll labelled NOUGEOSAGO No target in view!
There is a faded altar of an unknown god here.
An endoplasm comes into view.
The endoplasm quivers.
The endoplasm moves out of view.
i - a golden potion
Found a cloak.
There is a faded altar of an unknown god here.
You hit the endoplasm.
The endoplasm is almost dead.
The endoplasm misses you.
You hit the endoplasm.
You kill the endoplasm!
You cannot tell which god this altar belongs to.
Convert to them anyway?
Wu Jian accepts your prayer! The Council welcomes you!
You can now perform damaging attacks by moving towards foes.
You can now lightly attack monsters by moving around them.
Are you sure you want to abandon this character and quit the game? (Confirm with "yes".)

...........#.########
..............#.#.......
........##......#.#.######
.........##...:..#.#.#####
.........##......#.#†....#
[^.......####.#..#.#.###.#
........⌠.....#.)#.#.# #.#
..............#......###.##
........⌠.@...#.##.####....
..............#....##....##
............⌠.######...###
###....####...# #...##
#.... ##### ##..## #...J
#...# #.... #..## #....
#..# #.... ##..#


There were no monsters in sight!

Vanquished Creatures
  2 ball pythons (D:1)
  2 endoplasms (D:1)
  A giant cockroach (D:1)
  A goblin (D:1)
  3 hobgoblins (D:1)
  A quokka (D:1)
  A bat (D:1)
  A kobold (D:1)
  2 rats (D:1)
14 creatures vanquished.

Notes
Turn   | Place    | Note
-------+----------+-------------------------------------------
     0 | D:1      | Exodus22XD the Minotaur Fighter began the quest for the
                  | Orb.
     0 | D:1      | Reached XP level 1. HP: 19/19 MP: 0/0
   362 | D:1      | Reached XP level 2. HP: 27/27 MP: 1/1
   861 | D:1      | Found a faded altar of an unknown god.
   881 | D:1      | Prayed at the altar of an unknown god.
   881 | D:1      | Became a worshipper of the Wu Jian Council
   881 | D:1      | Reached * piety under Wu Jian
   882 | D:1      | Quit the game

Illustrated notes

Levels and vault maps discovered:
D:1:      heliophobic_arrival_dark_side_of_the_moon, layout_basic,
          hellmonk_ecumenical_altar_run_dry

Action                   || total
-------------------------++-------
Melee: War axe           ||    27
       Headbutt          ||     4
Armor: Scale mail        ||    13
Dodge: Dodged            ||    11
Block: Buckler           ||     7
